 Dungeon Crawl Stone Soup version 0.20-a0-1122-gb7cbeb9 (webtiles) character file.

74 Gorglomux the Cudgeler (level 4, 0/31 HPs)
             Began as a Formicid Warper on May 14, 2017.
             Slain by a water moccasin skeleton (1 damage)
             ... on level 6 of the Dungeon.
             The game lasted 00:02:38 (2364 turns).

Gorglomux the Cudgeler (Formicid Warper)            Turns: 2364, Time: 00:02:39

Health: 0/31       AC:  5    Str: 16    XL:     4   Next: 52%
Magic:  7/7        EV: 11    Int: 15    God:
Gold:   60         SH:  0    Dex: 14    Spells: 7/7 levels left

rFire    . . .     SeeInvis +   a - +0 mace
rCold    . . .     Gourm    .   (no shield)
rNeg     . . .     Faith    .   g - +0 ring mail
rPois    .         Spirit   .   (helmet unavailable)
rElec    .         Reflect  .   (no cloak)
rCorr    +         Harm     .   (no gloves)
MR       .....                  (no boots)
Stlth    +.........             (no amulet)
Regen    0.1/turn               i - ring of resist corrosion
MPRegen  0.1/turn               (no ring)

@: no status effects
A: permanent stasis, dig shafts and tunnels, four strong arms, antennae 3, agile
2, clever 1, frail 1
a: Dig, Shaft Self


You were on level 6 of the Dungeon.
You were not hungry.

You visited 1 branch of the dungeon, and saw 4 of its levels.

You collected 60 gold pieces.

Inventory:

Hand Weapons
 a - a +0 mace (weapon)
Missiles
 e - 5 tomahawks of dispersal {=f}
Armour
 b - a +0 leather armour
 g - a +0 ring mail (worn)
   (You took it off a kobold on level 1 of the Dungeon)
Jewellery
 i - a ring of resist corrosion (left hand)
   (You found it on level 1 of the Dungeon)
 m - a +6 ring of evasion {unknown}
   (You found it on level 1 of the Dungeon)
 n - an uncursed ring of protection from fire {unknown}
   (You found it on level 1 of the Dungeon)
Wands
 o - a wand of polymorph (9/24)
   (You found it on level 2 of the Dungeon)
Scrolls
 d - a scroll of blinking {!r}
 j - a scroll of teleportation {unknown}
 k - 3 scrolls of remove curse
Books
 c - a book of Spatial Translocations
Comestibles
 f - a bread ration {@e1@e1}


   Skills:
 + Level 3.4 Fighting
 * Level 3.6 Maces & Flails
 - Level 1.0 Throwing
 - Level 1.1 Armour
 - Level 1.7 Dodging
 - Level 2.1 Spellcasting
   Level 2.6 Translocations


You had 7 spell levels left.
You didn't know any spells.

Dungeon Overview and Level Annotations

Branches:
Dungeon (2/15)

Altars:
Kikubaaqudgha

Shops:
D:6 [


Innate Abilities, Weirdness & Mutations

You cannot be hasted, slowed, berserked, paralysed or teleported.
You can dig through walls and to a lower floor.
Your four strong arms can wield two-handed weapons with a shield.
You have a pair of large antennae on your head. (SInv)
You are very agile. (Dex +4)
Your mind is acute. (Int +2)
You are frail. (-10% HP)


Message History

Things that are here:
a club; a hunting sling There isn't anything to butcher here.
o - a wand of polymorph (?/24) No target in view!
You sense a monster nearby.
Unknown command.
No target in view! 2 adders come into view.
The adder hisses angrily. x2
The adder moves out of view.
Found an ancient bone altar of Kikubaaqudgha.
Unknown command.
There are monsters nearby!
A worm comes into view.
The adder bites you but does no damage. x2
Unknown command.
You hit the adder.
The adder barely misses you. x2; The adder bites you.
You are poisoned.
The adder poisons you!
You take 1 damage, and have 31/35 hp.
You feel sick. The adder barely misses you.
You take 1 damage, and have 30/35 hp.
The adder barely misses you.
You extend your mandibles.
You dig through the rock wall.
You feel sick. The adder bites you.
You take 5 damage, and have 25/35 hp.
You dig through the rock wall.
The adder bites you.
You take 1 damage, and have 24/35 hp.
Are you sure you want to shaft yourself?
You are feeling very hungry.
The adder misses you.
You begin to dig a shaft.
You continue digging a shaft.
You feel sick. The adder barely misses you. A shaft appears beneath you!
You fall through a shaft!
The shaft crumbles and collapses.
A bullfrog comes into view.
The bullfrog croaks.
It was a potion of mutation.
You feel extremely strange.
You feel clever.
You feel agile.
You feel frail.
You feel agile.
It was a potion of curing.
You feel better.
Health restored: 31
As you read the scroll labeled FAG MIORERPHY, it crumbles to dust.
You feel blessed for a moment.
It was a scroll of remove curse.
Are you sure you want to shaft yourself?
You are near starving!
You begin to dig a shaft.
You continue digging a shaft.
The bullfrog hits you. A shaft appears beneath you!
You fall through a shaft for 3 floors!
The shaft crumbles and collapses.
A water moccasin skeleton comes into view.
Found Raruhebb's Armour Shop.
You take 2 damage, and have 29/31 hp.
Unknown command.
You are already prepared to dig.
You dig through the rock wall.
You hear an angry hiss.
You dig through the rock wall.
You retract your mandibles.
You extend your mandibles.
You dig through the rock wall.
You dig through the rock wall.
You dig through the rock wall.
Unknown command.
Okay, then.
You aren't carrying any potions.
Unknown command.
You eat one of the 2 bread rations {@e1@e1}.
That bread ration really hit the spot!
You swing at nothing.
You sock the water moccasin skeleton! The water moccasin skeleton bites you.
You take 3 damage, and have 27/31 hp.
You hit the water moccasin skeleton but do no damage.
The water moccasin skeleton bites you but does no damage.
The water moccasin skeleton closely misses you.
You hit the water moccasin skeleton. The water moccasin skeleton bites you.
You take 1 damage, and have 26/31 hp.
You hit the water moccasin skeleton. The water moccasin skeleton bites you.
You take 3 damage, and have 23/31 hp.
You closely miss the water moccasin skeleton.
The water moccasin skeleton barely misses you.
The water moccasin skeleton bites you.
You take 5 damage, and have 18/31 hp.
You hit the water moccasin skeleton but do no damage.
The water moccasin skeleton bites you! The water moccasin skeleton bites you.
* * * LOW HITPOINT WARNING * * *
You take 11 damage, and have 7/31 hp.
MASSIVE DAMAGE!!
You retract your mandibles.
You hit the water moccasin skeleton. The water moccasin skeleton bites you.
* * * LOW HITPOINT WARNING * * *
You take 3 damage, and have 4/31 hp.
Unknown command.
Are you sure you want to shaft yourself?
You feel somewhat more hungry. The water moccasin skeleton bites you.
* * * LOW HITPOINT WARNING * * *
You begin to dig a shaft.
You continue digging a shaft.
The water moccasin skeleton bites you.
You die...

.. #. ##.# .#
.# ..$##.# ..
....... #. #...
.# #. ##.# .#
#.##..###.#
#...#.#Z#.# {
##.##..#@$#
#......##.###.#
#..##..Z... .#
# ....... .#
#......## ##
..##...# ...
...∩#
..####.#.#


You could see a water moccasin skeleton.

Vanquished Creatures
  An adder (D:2)
  3 worms (D:2)
  4 dart slugs
  5 leopard geckos
  A ball python (D:1)
  4 bats
  6 goblins
  2 hobgoblins
  2 jackals (D:2)
  3 frilled lizards (D:1)
  8 kobolds
  3 rats
42 creatures vanquished.

Notes
Turn   | Place    | Note
-------+----------+-------------------------------------------
     0 | D:1      | Gorglomux the Formicid Warper began the quest for the Orb.
     0 | D:1      | Reached XP level 1. HP: 16/16 MP: 3/3
   137 | D:1      | Gorglomux: im getting memed
   212 | D:1      | Reached XP level 2. HP: 11/23 MP: 5/5
   220 | D:1      | HP: 5/23 [kobold (1)]
   222 | D:1      | HP: 1/23 [kobold (4)]
   280 | D:1      | HP: 4/23 [kobold (1)]
   769 | D:1      | Reached XP level 3. HP: 24/28 MP: 6/6
   794 | D:1      | Reached skill level 3 in Maces & Flails
  1158 | D:2      | Reached skill level 3 in Fighting
  1517 | D:2      | Reached XP level 4. HP: 19/35 MP: 7/7
  2331 | D:2      | Found an ancient bone altar of Kikubaaqudgha.
  2341 | D:2      | You fall through a shaft!
  2341 | D:3      | Noticed a bullfrog
  2342 | D:3      | Gained mutation: Your mind is acute. (Int +2) [potion of mutation]
  2342 | D:3      | Gained mutation: You are agile. (Dex +2) [potion of mutation]
  2342 | D:3      | Gained mutation: You are frail. (-10% HP) [potion of mutation]
  2342 | D:3      | Gained mutation: You are very agile. (Dex +4) [potion of mutation]
  2347 | D:3      | You fall through a shaft for 3 floors!
  2347 | D:6      | Found Raruhebb's Armour Shop.
  2361 | D:6      | HP: 7/31 [water moccasin skeleton (4)]
  2363 | D:6      | HP: 1/31 [water moccasin skeleton (3)]
  2364 | D:6      | Slain by a water moccasin skeleton

Vault maps used:
D:1:      nicolae_arrival_somewhat_less_tricky_arrival, minmay_misc_feat_roman,
          minmay_box_of_dots
D:2:      overflow_temple_1_default
D:3:      corexii_shack_village, first_bread
D:6:      chequers_temple_overflow_minitemple, serial_shops, shop,
          minmay_door_square

Skill      XL: |  1  2  3 |
---------------+----------+-----
Maces & Flails | 3 |  3.6
Fighting       | 3 |  3.4
Throwing       | |  1.0
Armour         | |  1.1
Dodging        | |  1.7
Spellcasting   | |  2.1
Translocations | |  2.6

Action                   |  1- 3 |  4- 6 || total
-------------------------+-------+-------++-------
Melee: Mace              |   102 |    87 ||   189
 Abil: Shaft Self        |       |     3 ||     3
       Dig               |       |     2 ||     2
  Use: Potion            |       |     2 ||     2
       Scroll            |       |     1 ||     1
  Eat: Chunk             |     2 |     2 ||     4
       Bread ration      |       |     1 ||     1
Armor: Leather armour    |    12 |       ||    12
       Ring mail         |    22 |    39 ||    61
Dodge: Dodged            |    63 |    54 ||   117

Vault maps used:
D:1:      nicolae_arrival_somewhat_less_tricky_arrival, minmay_misc_feat_roman,
          minmay_box_of_dots
D:2:      overflow_temple_1_default
D:3:      corexii_shack_village, first_bread
D:6:      chequers_temple_overflow_minitemple, serial_shops, shop,
          minmay_door_square

Table legend:
 A = Turns spent in this place as a percentage of turns spent in the entire game.
 B = Non-inter-level travel turns spent in this place as a percentage of non-inter-level travel turns spent in the entire game.
 C = Inter-level travel turns spent in this place as a percentage of turns spent in this place.
 D = Turns resting spent in this place as a percentage of non-inter-level travel turns spent in this place.
 E = Turns spent auto-exploring this place as a percentage of non-inter-level travel turns spent in this place.
 F = Non-inter-level travel turns spent in this place divided by the number of levels of this place that you've seen.
                   A       B       C       D       E      F
               +-------+-------+-------+-------+-------+----------------------
         Total | 100.0 | 100.0 |   0.1 |   1.8 |   8.2 | 221.5
       Dungeon | 100.0 | 100.0 |   0.1 |   1.8 |   8.2 | 221.5
               +-------+-------+-------+-------+-------+----------------------

Table legend:
 A = Kills in this place as a percentage of kills in entire the game.
 B = Kills by you in this place as a percentage of kills by you in the entire game.
 C = Kills by friends in this place as a percentage of kills by friends in the entire game.
 D = Other kills in this place as a percentage of other kills in the entire game.
 E = Experience gained in this place as a percentage of experience gained in the entire game.
 F = Experience gained in this place divided by the number of levels of this place that you have seen.
                   A       B       C       D       E      F
               +-------+-------+-------+-------+-------+----------------------
         Total | 100.0 | 100.0 |  -nan |  -nan | 100.0 |  26.5
       Dungeon | 100.0 | 100.0 |  -nan |  -nan | 100.0 |  26.5
               +-------+-------+-------+-------+-------+----------------------
